 Dungeon Crawl Stone Soup version 0.27-a0-1256-gced786f65e (webtiles) character file.

Game seed: 8293663341135041538

7094 Zonian the Conjurer (level 11, -8/80 HPs)
             Began as a Human Conjurer on June 11, 2021.
             Was a Priest of Qazlal.
             Killed from afar by an electric eel (12 damage)
             ... with a bolt of electricity
             ... on level 7 of the Dungeon.
             The game lasted 00:23:56 (17429 turns).

Zonian the Conjurer (Human Conjurer)               Turns: 17429, Time: 00:23:57

Health: -8/80      AC:  6    Str:  8    XL:     11   Next: 30%
Magic:  8/20       EV: 14    Int: 29    God:    Qazlal [***...]
Gold:   82         SH:  4    Dex: 13    Spells: 12/22 levels left

rFire    . . .     SeeInvis .   c - +4 dagger (venom)
rCold    . . .     Faith    .   (no shield)
rNeg     . . .     Spirit   .   p - +2 robe {Will+}
rPois    .         Reflect  .   K - +1 helmet {Int+3}
rElec    .         Harm     .   (no cloak)
rCorr    .         Rampage  .   (no gloves)
Will     +....                  (no boots)
Stlth    ++........             (no amulet)
HPRegen  0.23/turn              t - +6 ring of intelligence
MPRegen  0.17/turn              (no ring)

@: no status effects
A: no striking features
a: Renounce Religion, Upheaval, Elemental Force


You were on level 7 of the Dungeon.
You worshipped Qazlal.
Qazlal was most pleased with you.
You visited 1 branch of the dungeon, and saw 7 of its levels.

You collected 398 gold pieces.
You spent 316 gold pieces at shops.

Inventory:

Hand Weapons
 c - a +4 dagger of venom (weapon)
 d - a +0 hunting sling
 e - a +2 dagger of draining
 g - a +2 dagger of venom
 j - a +2 spear of distortion
 r - a +0 short sword of venom
 u - a +2 long sword of holy wrath
 G - a +0 rapier
 J - a +4 falchion
Missiles
 f - 208 stones
 m - 7 sling bullets
 v - 4 throwing nets
 z - 5 atropa-tipped darts
Armour
 a - a +0 robe
 h - a +1 helmet
 n - a +4 ring mail
 p - a +2 robe of willpower (worn)
 K - a +1 helmet of intelligence (worn)
Magical Staves
 i - a staff of earth
 o - a staff of death
 I - a staff of death
Jewellery
 t - a +6 ring of intelligence (left hand)
Wands
 l - a wand of mindburst (12)
 y - a wand of paralysis (9)
 B - a wand of polymorph (5)
 F - a wand of acid (6)
Scrolls
 D - a scroll of teleportation
 E - a scroll of magic mapping
 H - a scroll of blinking {unknown}
 L - a scroll of amnesia
Potions
 b - 3 potions of attraction
 k - 2 potions of curing
 q - 3 potions of lignification
 s - 2 potions of magic
 w - 2 potions of ambrosia
 x - a potion of berserk rage
 A - a potion of flight
 C - a potion of might {unknown}


   Skills:
 + Level 5.2 Fighting
 + Level 5.8 Short Blades
 + Level 6.0 Dodging
 + Level 6.4 Stealth
 - Level 0.3 Unarmed Combat
 + Level 6.1 Spellcasting
 + Level 7.7 Conjurations
 + Level 4.8 Translocations
 + Level 6.3 Invocations
 - Level 2.0 Evocations


You had 12 spell levels left.
You knew the following spells:

 Your Spells              Type           Power      Damage    Failure   Level
a - Magic Dart            Conj           100%       1d8       1%          1
b - Searing Ray           Conj           100%       3d7       1%          2
c - Iskenderun's Mystic   Conj/Tloc      45%        2d10      4%          4
d - Dazzling Flash        Conj/Hex       62%        N/A       3%          3

Your spell library contained the following spells:

 Spells                   Type           Power      Damage    Failure   Level
 Corona                   Hex            8%         N/A       5%          1
 Summon Small Mammal      Summ           32%        N/A       5%          1
 Call Imp                 Summ           8%         N/A       9%          2
 Ensorcelled Hibernation  Hex/Ice        16%        N/A       9%          2
 Fulminant Prism          Conj/Hex       15%        3d11      12%         4
 Call Canine Familiar     Summ           8%         N/A       17%         3
 Confusing Touch          Hex            8%         N/A       17%         3
 Summon Guardian Golem    Hex/Summ       8%         N/A       17%         3
 Tukima's Dance           Hex            8%         N/A       17%         3
 Summon Ice Beast         Ice/Summ       8%         N/A       50%         4
 Summon Lightning Spire   Summ/Air       8%         N/A       50%         4


Dungeon Overview and Level Annotations

Branches:
Dungeon (7/15)             Temple (0/1) D:7

Altars:
Cheibriados
Hepliaklqana
Qazlal
Uskayaw
Xom
Zin
The Shining One

Shops:
D:6 *   D:7 [[


Message History

You hit the orc wizard.
The orc wizard is lightly wounded.
The orc warrior barely misses you.
The orc wizard points at you and mumbles some strange words.
The magic dart hits you.
Unknown command.
Casting: Iskenderun's Mystic Blast (dangerous; 4% risk of failure)
Confirm with . or Enter, or press ? or * to list all spells.
Aiming: Searing Ray (safe; 1% risk of failure)
Press: ? - help, Shift-Dir - straight line, f - orc wizard
Aim: an orc wizard, wielding a +0 dagger and wearing a +0 robe (lightly wounded, 79% to hit)
The searing ray hits the orc wizard!
The orc wizard is severely wounded.
The searing ray hits the orc warrior!
The orc warrior is severely wounded.
The searing ray hits the orc!
You kill the orc!
Qazlal accepts your kill. (Press . to maintain the ray.)
The orc warrior hits you from afar with a +0 glaive!
The orc wizard closely misses you.
The searing ray hits the orc wizard.
You kill the orc wizard!
Qazlal accepts your kill.
The searing ray hits the orc warrior but does no damage.
The orc warrior is severely wounded.
The orc warrior hits you from afar with a +0 glaive!!
* * * LOW HITPOINT WARNING * * *
Your Dodging skill increases to level 6!
Okay, then.
Aiming: Upheaval
Press: ? - help, Dir - move target, f - orc warrior
Aim: an orc warrior, wielding a +0 glaive and wearing a +0 plate armour (severely wounded)
The ground shakes violently, spewing rubble!
The blast of rubble hits the orc warrior.
You kill the orc warrior!
Qazlal accepts your kill.
The electric eel shoots out a bolt of lightning at you!
The bolt of electricity hits you!
You die...

##.##..#######
#......#♣...♣#
#.!>...#.♣♣♣.#
#......#.♣ ♣.#
#......#.♣♣♣.#
#..)...#♣...♣# ≈
#......#♣...♣# .≈≈
###.#..#.♣♣♣.#♣♣....#
#....[.♣ ♣@.)))..# ..
#..<(#.♣ ♣.#♣♣....#
... ###[)#♣...♣#
.;≈≈≈≈
....###).#♣...♣ ≈≈≈.
....#....#.♣♣♣.# ;.
.........# # ..
.........# .♣
....#..[.# .♣
..)......#######
######.######


You could see an electric eel.

Vanquished Creatures
  Harold (D:7)
  A centaur warrior (D:7)
  Pikel (D:6)
  A deep elf pyromancer (D:7)
  An ugly thing (D:6)
  Grinder (D:3)
  Sigmund (D:3)
  A vampire (D:7)
  A wyvern (D:6)
  A water moccasin (D:5)
  3 sky beasts
  2 black bears (D:7)
  2 orc warriors (D:7)
  2 necrophages
  3 ogres
  3 centaurs
  3 phantoms
  A lemure (D:6)
  Blork the orc (D:5)
  A kobold brigand (D:5)
  2 bullfrogs (D:7)
  A gnoll sergeant (D:5)
  5 scorpions
  A water moccasin zombie (D:5)
  2 water moccasin skeletons
  2 howler monkeys (D:7)
  5 wights
  4 jellies
  A bullfrog zombie (D:5)
  A centaur zombie (D:7)
  3 orc priests
  A centaur skeleton (D:4)
  7 hounds
  3 iguanas
  Ijyb (D:3)
  9 orc wizards
  A killer bee zombie (D:6)
  A hound skeleton (D:4)
  A howler monkey skeleton (D:4)
  A howler monkey zombie (D:6)
  3 gnolls (D:4)
  8 adders
  A shadow imp (D:7)
  A white imp (D:7)
  2 ufetubi
  2 adder zombies (D:5)
  2 adder skeletons (D:4)
  3 worms
  3 dart slugs
  22 orcs
  10 endoplasms
  8 giant cockroaches
  9 goblins
  5 hobgoblins
  5 jackals
  16 kobolds
  4 quokkas
  12 ball pythons
  5 bats
  5 frilled lizards
  8 rats
217 creatures vanquished.

Vanquished Creatures (others)
  4 plants (D:7)
4 creatures vanquished.

Grand Total: 221 creatures vanquished

Notes
Turn   | Place    | Note
-------+----------+-------------------------------------------
     0 | D:1      | Zonian the Human Conjurer began the quest for the Orb.
     0 | D:1      | Reached XP level 1. HP: 13/13 MP: 3/3
   568 | D:1      | Reached XP level 2. HP: 13/20 MP: 5/5
   881 | D:1      | Learned a level 2 spell: Searing Ray
  1305 | D:1      | Reached XP level 3. HP: 25/25 MP: 0/6
  2380 | D:2      | Reached XP level 4. HP: 30/31 MP: 2/7
  2898 | D:2      | Reached skill level 1 in Short Blades
  3440 | D:2      | Reached skill level 1 in Fighting
  3994 | D:2      | Reached XP level 5. HP: 37/37 MP: 6/8
  4122 | D:2      | Found a faded altar of an unknown god.
  4133 | D:2      | Became a worshipper of Qazlal Stormbringer
  4133 | D:2      | Reached * piety under Qazlal
  4368 | D:3      | Noticed Grinder
  4638 | D:3      | Noticed Ijyb
  4647 | D:3      | Killed Ijyb
  4788 | D:3      | Killed Grinder
  4789 | D:3      | Reached skill level 5 in Conjurations
  4789 | D:3      | Reached XP level 6. HP: 43/43 MP: 8/10
  5287 | D:3      | Noticed Sigmund
  5574 | D:3      | Reached XP level 7. HP: 48/48 MP: 7/11
  5662 | D:3      | Killed Sigmund
  5933 | D:4      | Reached ** piety under Qazlal
  6169 | D:4      | Reached skill level 1 in Evocations
  6256 | D:4      | Reached XP level 8. HP: 55/55 MP: 7/13
  6337 | D:4      | Learned a level 4 spell: Iskenderun's Mystic Blast
  7831 | D:4      | Found a hide-covered altar of Uskayaw.
  7891 | D:5      | Entered Level 5 of the Dungeon
  7912 | D:5      | Reached skill level 1 in Translocations
  8240 | D:5      | Found a glowing golden altar of the Shining One.
  8259 | D:5      | Reached skill level 6 in Conjurations
  8283 | D:5      | Found a stormy altar of Qazlal.
  8588 | D:5      | Reached XP level 9. HP: 52/62 MP: 9/15
  9116 | D:5      | Noticed Blork the orc
  9120 | D:5      | Killed Blork the orc
  9135 | D:5      | Reached *** piety under Qazlal
 10297 | D:5      | Found a snail-covered altar of Cheibriados.
 10298 | D:5      | Found a hazy altar of Hepliaklqana.
 11317 | D:6      | Found Ofoleus's Assorted Antiques.
 11321 | D:6      | Bought an amethyst potion for 22 gold pieces
 11321 | D:6      | Bought a blackened wooden wand for 100 gold pieces
 11321 | D:6      | Bought a murky golden potion for 22 gold pieces
 11322 | D:6      | Noticed Pikel
 11344 | D:6      | Killed Pikel
 11345 | D:6      | Reached skill level 5 in Spellcasting
 11895 | D:6      | Reached skill level 5 in Stealth
 12011 | D:6      | Reached XP level 10. HP: 71/71 MP: 12/17
 12369 | D:6      | Found a glowing silver altar of Zin.
 12369 | D:6      | Noticed an angel
 12481 | D:6      | Found a shimmering altar of Xom.
 12691 | D:6      | Noticed a purple ugly thing
 12698 | D:6      | Killed a purple ugly thing
 12699 | D:6      | Reached skill level 5 in Invocations
 13030 | D:6      | Identified the +0 robe "Gaxt" {rPois}
 13180 | D:6      | Reached skill level 5 in Dodging
 14065 | D:6      | Reached skill level 7 in Conjurations
 15178 | D:7      | Reached skill level 5 in Short Blades
 15221 | D:7      | Noticed a deep elf pyromancer
 15766 | D:7      | Killed a deep elf pyromancer
 15994 | D:7      | Found Fuegyf's Antique Armour Emporium.
 16287 | D:7      | Noticed Harold
 16299 | D:7      | Killed Harold
 16300 | D:7      | Reached XP level 11. HP: 27/78 MP: 9/19
 16663 | D:7      | Bought a runed helmet for 172 gold pieces
 16719 | D:7      | Learned a level 3 spell: Dazzling Flash
 16803 | D:7      | Found Xeamolurirph's Antique Armour Emporium.
 16910 | D:7      | Found a staircase to the Ecumenical Temple.
 17020 | D:7      | Reached skill level 5 in Fighting
 17080 | D:7      | Noticed a centaur warrior
 17088 | D:7      | Killed a centaur warrior
 17427 | D:7      | HP: 3/80 [orc warrior/+0 glaive (26)]
 17429 | D:7      | Killed from afar by an electric eel

Illustrated notes

Levels and vault maps discovered:
D:1:      minmay_arrival_five_plusses, layout_rooms, minivault_19
D:2:      layout_basic, hellmonk_ecumenical_altar_run_dry,
          minmay_stone_trees_small, minmay_joined_circles
D:3:      layout_rooms, fountainhead, roderic_lattice_a, minmay_circle_x,
          uniq_ijyb, uniq_sigmund, uniq_grinder
D:4:      minmay_octagon_keep, layout_rooms, lemuel_coloured_pillars_altar
D:5:      layout_loops_corners, nicolae_overflow_crystal_walls,
          grunt_temple_overflow_open, kennysheep_another_room,
          minmay_crossroads, uniq_blork_the_orc
D:6:      layout_basic, grunt_temple_overflow_order_and_chaos_1, serial_shops,
          nicolae_shop_behind_doors, serial_rivers,
          chequers_serial_rivers_micro_a, chequers_serial_rivers_micro_a,
          chequers_serial_rivers_small_a, chequers_serial_rivers_micro_c,
          chequers_serial_rivers_large_a, chequers_serial_rivers_micro_c,
          minmay_curled_crystal, uniq_pikel
D:7:      nzn_winding_woodlands_cross [nzn_winding_woodlands_5x15_crooked,
          nzn_winding_woodlands_5x15_longhouse,
          nzn_winding_woodlands_5x15_split_checker,
          nzn_winding_woodlands_5x15_zeroes,
          nzn_winding_woodlands_15x15_eel_pit], layout_rooms,
          nzn_overflow_gifts_of_might_and_magic, temple_statues, serial_shops,
          nicolae_shop_stone, shop, nicolae_shop_statue_plus, uniq_harold

Skill      XL: |  1  2  3  4  5  6  7  8  9 10 11 |
---------------+----------------------------------+-----
Short Blades   | 1 2 3 4 5 |  5.8
Fighting       | 1 2 3 4 5 |  5.2
Spellcasting   | 3 4 5 6 |  6.1
Conjurations   | 5 6 7 |  7.7
Invocations    | 2 3 4 5 6 |  6.3
Stealth        | 3 4 5 6 |  6.4
Dodging        | 3 4 5 6 |  6.0
Evocations     | 1 2 |  2.0
Translocations | 1 3 4 |  4.8
Unarmed Combat | |  0.3

Action                   |  1- 3 |  4- 6 |  7- 9 | 10-12 || total
-------------------------+-------+-------+-------+-------++-------
Melee: Unarmed           |    25 |       |       |       ||    25
       Dagger            |    27 |    45 |   233 |   125 ||   430
       Punch             |       |       |     1 |       ||     1
 Cast: Magic Dart        |    51 |    71 |    92 |    83 ||   297
       Searing Ray       |       |     2 |    15 |    25 ||    42
       Iskenderun's Myst |       |       |       |     1 ||     1
Invok: Upheaval          |       |       |       |     3 ||     3
Evoke: Wand              |       |     5 |     6 |     1 ||    12
  Use: Scroll            |       |     8 |     8 |     3 ||    19
Armor: Robe              |    15 |     9 |    50 |    39 ||   113
Dodge: Dodged            |    33 |    42 |   107 |   101 ||   283
Block: Other             |       |     1 |    22 |    14 ||    37

Table legend: (Time is in decaauts)
 A = Elapsed time spent in this place.
 B = Non-inter-level travel time spent in this place.
 C = Inter-level travel time spent in this place.
 D = Time resting spent in this place.
 E = Time spent auto-exploring this place.
 F = Levels seen in this place.
 G = Mean time per level.
                   A        B        C        D        E       F      G
               +--------+--------+--------+--------+--------+-----+--------+
         Total |  17377 |  17009 |    368 |  10793 |   4221 |   7 | 2482.4 |
       Dungeon |  17377 |  17009 |    368 |  10793 |   4221 |   7 | 2482.4 |
               +--------+--------+--------+--------+--------+-----+--------+

Top non-repeatable levels by time:
     D:6: 4602 daAuts
     D:5: 3170 daAuts
     D:2: 2305 daAuts
     D:1: 2145 daAuts
     D:4: 1982 daAuts
     D:7: 1724 daAuts
     D:3: 1446 daAuts
